[Event "Titled Tuesday Blitz January 10 Early 2023"]
[White "Baches Garcia, Guillermo"]
[Black "Prudnykova, Olga"]
[WhiteFideId "2209764"]
[BlackFideId "14121093"]
[WhiteElo "2327"]
[BlackElo "2268"]
[Result "1-0"]
[Round "03"]
[TimeControl "180+2"]
[Date "2023.01.10"]
[WhiteClock "0:00:18"]
[BlackClock "0:00:07"]

1. e4 c5 2. Nf3 Nf6 3. d3 d5 4. Nbd2 Nc6 5. g3 e6 6. Bg2 Be7 7. O-O b6 8. Re1 Bb7 9. h4 Qc7 10. c3 h6 11. Qe2 O-O-O 12. a4 Rdg8 13. Nf1 dxe4 14. dxe4 g5 15. hxg5 hxg5 16. Bxg5 Ng4 17. Bf4 e5 18. Bd2 f6 19. b4 Nd8 20. a5 Ne6 21. axb6 axb6 22. Ra7 Kb8 23. Rea1 Bd8 24. Ne3 Nxe3 25. Bxe3 c4 26. Qa2 Qc6 27. b5 Qxe4 28. Rxb7+ Qxb7 29. Nxe5 Qh7 30. Qa8+ Kc7 31. Ra7+ Kd6 32. Qc6+ Kxe5 33. f4+ Kf5 34. Be4+ Kg4 35. Rxh7 Rxh7 36. Bxh7 Rh8 37. Qe4 1-0


[Site "https://www.chess.com"]

[Event "Titled Tuesday Blitz January 10 Early 2023"]
[White "Ronka, Erik"]
[Black "Makhmudov, Shukhrat"]
[WhiteFideId "505080"]
[BlackFideId "14200775"]
[WhiteElo "2276"]
[BlackElo "2115"]
[Result "1-0"]
[Round "03"]
[TimeControl "180+2"]
[Date "2023.01.10"]
[WhiteClock "0:00:46"]
[BlackClock "0:00:53"]

1. d4 Nf6 2. Nc3 d5 3. Bf4 c6 4. f3 g6 5. e4 dxe4 6. fxe4 Bg7 7. Qd2 b5 8. a3 a5 9. Nf3 Bg4 10. Be2 Na6 11. h3 Bxf3 12. Bxf3 Nh5 13. Be3 Ng3 14. Rg1 b4 15. Na4 f5 16. exf5 Nxf5 17. Bxc6+ Kf8 18. Bxa8 Qxa8 19. g4 Nh4 20. O-O-O bxa3 21. bxa3 Qd5 22. Nc3 Qd6 23. Qf2+ Ke8 24. Qxh4 Qxa3+ 25. Kd2 Rf8 26. Rgf1 Qd6 27. Rxf8+ 1-0


[Site "https://www.chess.com"]

[Event "Titled Tuesday Blitz January 10 Early 2023"]
[White "Arencibia Monduy, Antonio"]
[Black "Afanasieva, Alexandra"]
[WhiteFideId "3507939"]
[BlackFideId "34126926"]
[WhiteElo "2122"]
[BlackElo "1857"]
[Result "1-0"]
[Round "03"]
[TimeControl "180+2"]
[Date "2023.01.10"]
[WhiteClock "0:00:48"]
[BlackClock "0:00:01"]

1. e4 c5 2. Nf3 e6 3. d4 cxd4 4. Nxd4 Nf6 5. Nc3 Nc6 6. Nb3 Bb4 7. Bd3 O-O 8. Bd2 a6 9. O-O Qc7 10. a3 Be7 11. f4 d6 12. Qf3 b5 13. Qg3 Bb7 14. Rae1 Rad8 15. e5 dxe5 16. fxe5 Ne8 17. Qh3 g6 18. Bf4 Ng7 19. Ne4 Nxe5 20. Ng5 h6 21. Ne4 Qb6+ 22. Be3 Qc7 23. Bxh6 f5 24. Ng5 Bxg5 25. Bxg5 Rd5 26. Kh1 Rc8 27. Bf4 Qc6 28. Bxe5 Rxe5 29. Rxe5 Rd8 30. Rfe1 Rd6 31. Nd2 1-0


[Site "https://www.chess.com"]

[Event "Titled Tuesday Blitz January 10 Early 2023"]
[White "Bashirli, Saadat"]
[Black "Urbina Perez, Juan Antonio"]
[WhiteFideId "13429990"]
[BlackFideId "2217368"]
[WhiteElo "1571"]
[BlackElo "2266"]
[Result "0-1"]
[Round "03"]
[TimeControl "180+2"]
[Date "2023.01.10"]
[WhiteClock "0:00:11"]
[BlackClock "0:00:29"]

1. d4 Nf6 2. c4 e6 3. Nc3 Bb4 4. e3 b6 5. Bd3 Bb7 6. Nf3 Ne4 7. Bd2 Bxc3 8. Bxc3 O-O 9. Qc2 f5 10. Bxe4 Bxe4 11. Qe2 d6 12. O-O Nd7 13. Nd2 Bb7 14. f3 Qe7 15. e4 fxe4 16. fxe4 e5 17. dxe5 Nxe5 18. b3 Rxf1+ 19. Rxf1 Rf8 20. Rxf8+ Kxf8 21. Qf2+ Kg8 22. Qf5 Ng6 23. Bd4 Qf7 24. Qxf7+ Kxf7 25. Kf2 Nf8 26. Ke3 Ne6 27. Bc3 Ng5 28. Kf4 Ne6+ 29. Ke3 g6 30. Nf3 h6 31. e5 d5 32. cxd5 Bxd5 33. g3 Bxf3 34. Kxf3 Nc5 35. Ke3 Ke6 36. Kd4 Nd7 37. Ke4 Nb8 38. h3 Na6 39. b4 c6 40. a4 Nc7 41. Bd2 a6 42. Be3 Nd5 43. Bd2 h5 44. g4 hxg4 45. hxg4 c5 46. bxc5 bxc5 47. a5 Nb4 48. Be3 Nc6 49. Bxc5 Nxa5 50. Bb6 Nc6 51. Bc7 a5 52. Bd6 a4 53. Kf4 Kf7 54. Ba3 Nd4 55. Bb2 Ne6+ 56. Ke4 Ke7 57. Kd5 Kd7 58. Kc4 Nf4 59. Kb4 Nd3+ 60. Ka3 Nxb2 61. Kxb2 Ke6 62. Ka3 Kxe5 63. Kxa4 Kf4 64. Kb3 Kxg4 65. Kc3 Kf3 66. Kd3 g5 67. Kd2 Kf2 68. Kd3 g4 69. Ke4 g3 70. Kf4 g2 71. Kg4 g1=Q+ 72. Kh4 Kf3 73. Kh3 Qg3# 0-1


[Site "https://www.chess.com"]

[Event "Titled Tuesday Blitz January 10 Early 2023"]
[White "Luxama, Jacques Muller"]
[Black "Heinemann, Josefine"]
[WhiteFideId "11900113"]
[BlackFideId "12900460"]
[WhiteElo "1933"]
[BlackElo "2289"]
[Result "0-1"]
[Round "03"]
[TimeControl "180+2"]
[Date "2023.01.10"]
[WhiteClock "0:00:04"]
[BlackClock "0:00:18"]

1. e4 c5 2. Nf3 d6 3. d4 cxd4 4. Nxd4 Nf6 5. Nc3 a6 6. Be3 e5 7. Nb3 Be6 8. Qd2 Nbd7 9. O-O-O b5 10. f3 h5 11. Kb1 Rc8 12. Nd5 Bxd5 13. exd5 Nb6 14. Bxb6 Qxb6 15. Na5 Be7 16. b4 O-O 17. Bd3 Nxd5 18. Bh7+ Kxh7 19. Qxd5 Rc7 20. Rhe1 f5 21. g4 hxg4 22. fxg4 f4 23. Rd3 Qf2 24. Rh3+ Kg6 25. Qe4+ Kf7 26. Qd5+ Kf6 27. Rc1 Qd4 28. Qb3 Kg6 29. Rh5 Rf6 30. a3 Rc3 31. Qg8 f3 32. Qh7+ Kf7 33. Rg5 Bf8 34. Qh5+ Ke7 35. Qh7 f2 36. Rxg7+ Bxg7 37. Qxg7+ Rf7 38. Qg5+ Kd7 39. Qg6 f1=Q 40. Qg8 Qxc1+ 41. Kxc1 Rf1+ 42. Kb2 Re3+ 43. Ka2 Ra1# 0-1


[Site "https://www.chess.com"]

[Event "Titled Tuesday Blitz January 10 Early 2023"]
[White "Alfaro, William"]
[Black "Shohat, Yotam"]
[WhiteFideId "6100457"]
[BlackFideId "2813955"]
[WhiteElo "2134"]
[BlackElo "2346"]
[Result "0-1"]
[Round "03"]
[TimeControl "180+2"]
[Date "2023.01.10"]
[WhiteClock "0:00:14"]
[BlackClock "0:00:04"]

1. Nf3 Nf6 2. g3 g6 3. Bg2 Bg7 4. O-O O-O 5. d3 d5 6. Nbd2 Nc6 7. e4 e5 8. Re1 Re8 9. exd5 Nxd5 10. Nc4 Bf5 11. Bg5 Qd7 12. Nh4 Be6 13. Qd2 f6 14. Bh6 Rad8 15. a3 Nf4 16. Bxf4 Bxc4 17. Bh6 Bd5 18. Nf3 Bxf3 19. Bxg7 Bxg2 20. Bxf6 Qh3 21. f4 Bd5 22. fxe5 Nd4 23. Rf1 Nf3+ 24. Rxf3 Bxf3 25. Rf1 Bd5 26. Bxd8 Rxd8 27. Qf2 Qe6 28. d4 Qe7 29. b3 Rf8 30. Qe2 Rxf1+ 31. Qxf1 Be6 32. c4 Qf7 33. Qxf7+ Kxf7 34. d5 Bf5 35. Kf2 Bc2 36. b4 Bb3 37. d6 cxd6 38. exd6 Bxc4 39. Ke3 Ke6 40. Kd4 Bf1 41. Kc5 Bg2 42. a4 b6+ 43. Kb5 Kxd6 44. Ka6 Kc7 45. Kxa7 Bc6 46. b5 Bd5 47. h4 h6 48. g4 g5 49. hxg5 hxg5 50. Ka6 Bf3 51. Ka7 Bxg4 52. a5 Bf3 53. a6 Be2 54. Ka8 Bxb5 55. Ka7 Bxa6 56. Kxa6 g4 0-1


[Site "https://www.chess.com"]

[Event "Titled Tuesday Blitz January 10 Early 2023"]
[White "Melikhov, Evgeny V."]
[Black "Jenkins, Drake"]
[WhiteFideId "4122046"]
[BlackFideId "2022397"]
[WhiteElo "2269"]
[BlackElo "2130"]
[Result "0-1"]
[Round "03"]
[TimeControl "180+2"]
[Date "2023.01.10"]
[WhiteClock "0:00:14"]
[BlackClock "0:00:06"]

1. d4 Nf6 2. c4 c5 3. d5 b5 4. cxb5 a6 5. b6 Qxb6 6. Nc3 g6 7. a4 a5 8. e4 d6 9. Bb5+ Nfd7 10. Nf3 Bg7 11. O-O O-O 12. Re1 Ne5 13. Bf4 Nxf3+ 14. Qxf3 Nd7 15. Bc6 Rb8 16. Nb5 Ne5 17. Bxe5 Bxe5 18. Ra2 f5 19. b3 fxe4 20. Qxe4 Bf5 21. Qc4 Rf7 22. Rae2 Rbf8 23. f3 Qd8 24. Rxe5 dxe5 25. Rxe5 Bc8 26. Qe2 Ba6 27. Qe3 Bxb5 28. Bxb5 Rf5 29. Rxe7 Kh8 30. Bc4 Rxd5 31. Qc3+ Rd4 32. Re5 Re8 33. Rd5 Qf6 34. Rxd4 Qxd4+ 35. Qxd4+ cxd4 36. Kf2 Kg7 37. Bd5 Kf6 38. Be4 Rb8 39. Bd5 Ke5 40. Bc4 g5 41. Ke2 h6 42. Kd3 Rf8 43. Bb5 Rf4 44. Bc6 g4 45. Be4 gxf3 46. Bxf3 Rh4 47. h3 Rf4 48. Kc4 Rf6 49. Kd3 Rb6 50. Bd1 Rb4 51. Bc2 Kf4 52. Bd1 Kg3 53. Bf3 Rxb3+ 54. Kxd4 Rb4+ 55. Ke5 Rxa4 56. Kf6 Rf4+ 57. Kg6 Rxf3 58. gxf3 a4 59. f4 Kxf4 60. Kxh6 a3 61. h4 a2 62. h5 a1=Q 63. Kg6 Qa6+ 64. Kg7 Kg5 65. h6 Qxh6+ 66. Kg8 Qd6 67. Kf7 Qd7+ 68. Kg8 Kg6 0-1


[Site "https://www.chess.com"]

[Event "Titled Tuesday Blitz January 10 Early 2023"]
[White "Szyszylo, Rafal"]
[Black "Mohota, Nisha"]
[WhiteFideId "1109626"]
[BlackFideId "5004330"]
[WhiteElo "2091"]
[BlackElo "2177"]
[Result "1-0"]
[Round "03"]
[TimeControl "180+2"]
[Date "2023.01.10"]
[WhiteClock "0:00:09"]
[BlackClock "0:00:01"]

1. e4 Nf6 2. e5 Nd5 3. d4 d6 4. Nf3 dxe5 5. Nxe5 c6 6. Be2 Bf5 7. O-O Nd7 8. Nxd7 Qxd7 9. c3 e6 10. Bf3 Bd6 11. g3 O-O 12. Re1 b5 13. Nd2 Nf6 14. Ne4 Bxe4 15. Bxe4 Rac8 16. Bg2 Qc7 17. Bg5 Nd5 18. Rc1 h6 19. Bd2 Rfd8 20. Qh5 Bf8 21. Be4 Nf6 22. Qf3 Nxe4 23. Qxe4 c5 24. Be3 c4 25. Rcd1 b4 26. Bf4 Qb6 27. d5 exd5 28. Rxd5 bxc3 29. bxc3 Rxd5 30. Qxd5 Qb2 31. Qd2 Qxd2 32. Bxd2 Rd8 33. Re2 Rd6 34. Kf1 Ra6 35. Be3 Ra3 36. Bd4 f6 37. Re8 Kf7 38. Rxf8+ Kg6 39. Rc8 Rxa2 40. Rxc4 a5 41. h4 h5 42. Rc7 a4 43. Bc5 Ra1+ 44. Ke2 a3 45. Ra7 a2 46. Bd4 Kf5 47. f3 Ke6 48. c4 Rc1 49. Ra6+ Kd7 50. Kd3 Rd1+ 51. Ke4 Re1+ 52. Kd5 Re2 53. Ra7+ Kc8 54. Rxg7 Rd2 55. Ra7 Kb8 56. Ra3 Kb7 57. g4 Kc7 58. gxh5 Rh2 59. Bxf6 Rg2 60. h6 Kd7 61. h7 Kc7 62. h8=Q Rd2+ 63. Bd4 1-0


[Site "https://www.chess.com"]

[Event "Titled Tuesday Blitz January 10 Early 2023"]
[White "Hartikainen, Jarmo"]
[Black "Nathan, Nitish"]
[WhiteFideId "503134"]
[BlackFideId "30927870"]
[WhiteElo "2108"]
[BlackElo "2071"]
[Result "1-0"]
[Round "03"]
[TimeControl "180+2"]
[Date "2023.01.10"]
[WhiteClock "0:00:46"]
[BlackClock "0:01:27"]

1. e4 c5 2. c3 d5 3. exd5 Qxd5 4. d4 Nc6 5. Nf3 Bf5 6. Be3 Bxb1 7. Qxb1 e6 8. Bd3 cxd4 9. Nxd4 Qxg2 10. Be4 Qh3 11. Nxc6 Nf6 12. Nd4 Bd6 13. Bxb7 Rb8 14. Bc6+ Ke7 15. Nb5 Ng4 16. Qd3 Rhd8 17. O-O-O Qh5 18. Nxd6 Nxe3 19. fxe3 Qc5 20. Nb7 Qb6 21. Qxd8+ Rxd8 22. Nxd8 Qxe3+ 23. Kb1 f5 24. Rhe1 1-0


[Site "https://www.chess.com"]

[Event "Titled Tuesday Blitz January 10 Early 2023"]
[White "Cepo, Toni"]
[Black "Boder, Jan"]
[WhiteFideId "4675916"]
[BlackFideId "16243226"]
[WhiteElo "2145"]
[BlackElo "2294"]
[Result "0-1"]
[Round "03"]
[TimeControl "180+2"]
[Date "2023.01.10"]
[WhiteClock "0:00:02"]
[BlackClock "0:00:02"]

1. e4 e5 2. Nf3 Nc6 3. Bb5 a6 4. Ba4 Nf6 5. O-O Nxe4 6. Re1 Nc5 7. Bxc6 dxc6 8. Nxe5 Be7 9. d4 Ne6 10. c3 O-O 11. Nd2 c5 12. dxc5 Bxc5 13. Ndf3 b5 14. Be3 Bd6 15. Qd5 Bd7 16. Nxd7 Qxd7 17. Rad1 Rfd8 18. Ne5 Qe8 19. f4 Bxe5 20. Qxe5 Qc6 21. f5 Nf8 22. Rxd8 Rxd8 23. Bd4 f6 24. Qe4 Qxe4 25. Rxe4 Kf7 26. g4 Rd7 27. Kf2 g6 28. fxg6+ hxg6 29. Rf4 Rd6 30. g5 f5 31. Rf3 Ne6 32. Be3 Rd8 33. h4 c5 34. Bf4 Rh8 35. Kg3 Rd8 36. Be5 Rd5 37. Bf6 Rd2 38. c4 b4 39. a3 a5 40. axb4 axb4 41. h5 gxh5 42. Rxf5 Kg6 43. Re5 Rd3+ 44. Kf2 Nd4 45. Rxc5 Rf3+ 46. Kg2 Rf5 47. Rc6 Ne2 48. Bd8+ Kf7 49. Rf6+ Rxf6 50. Bxf6 Nf4+ 51. Kf3 Ne6 52. b3 Nc5 0-1


[Site "https://www.chess.com"]

[Event "Titled Tuesday Blitz January 10 Early 2023"]
[White "Mitrovic, Darko R"]
[Black "marik_spb"]
[WhiteFideId "927023"]
[WhiteElo "2220"]
[BlackElo "2432"]
[Result "0-1"]
[Round "03"]
[TimeControl "180+2"]
[Date "2023.01.10"]
[WhiteClock "0:00:13"]
[BlackClock "0:00:35"]

1. d4 Nf6 2. Nf3 b6 3. g3 Bb7 4. Bg2 e6 5. O-O c5 6. c4 d5 7. cxd5 exd5 8. Nc3 Be7 9. Bg5 O-O 10. Rc1 Nbd7 11. dxc5 bxc5 12. Na4 Qa5 13. b3 Rac8 14. Qd2 Qxd2 15. Nxd2 Bc6 16. Bxf6 Nxf6 17. Nxc5 Bb5 18. Nd3 a5 19. Rxc8 Rxc8 20. Rc1 Rxc1+ 21. Nxc1 Bb4 22. Nf3 Ne4 23. Nd4 Ba6 24. Nd3 Bc3 25. Nc2 Bf6 26. f3 Nc3 0-1


[Site "https://www.chess.com"]

[Event "Titled Tuesday Blitz January 10 Early 2023"]
[White "Petrova, Irina"]
[Black "Le, Tuan Minh"]
[WhiteFideId "14124122"]
[BlackFideId "12401153"]
[WhiteElo "2108"]
[BlackElo "2542"]
[Result "0-1"]
[Round "03"]
[TimeControl "180+2"]
[Date "2023.01.10"]
[WhiteClock "0:00:02"]
[BlackClock "0:00:14"]

1. e4 c5 2. Nf3 Nf6 3. e5 Nd5 4. d4 cxd4 5. Qxd4 e6 6. c4 Nc6 7. Qe4 f5 8. exf6 Nxf6 9. Qh4 Bb4+ 10. Bd2 Bxd2+ 11. Nbxd2 O-O 12. Bd3 d5 13. O-O h6 14. Rad1 Bd7 15. Rfe1 Qb6 16. b3 Rae8 17. cxd5 exd5 18. Rxe8 Rxe8 19. Re1 Rxe1+ 20. Nxe1 Qa5 21. Nef3 Qxa2 22. h3 Qa1+ 23. Kh2 Qc3 24. Bg6 Ne7 25. Qg3 Nxg6 26. Qxg6 a5 27. Nf1 Qxb3 28. Ne5 Be6 29. Ng3 Qc3 30. Ng4 Bxg4 31. hxg4 Qe5 32. Kg1 Qe1+ 33. Kh2 Qe8 34. Qb1 Nxg4+ 35. Kg1 a4 36. Nf1 b5 37. Qd1 Nf6 38. Ne3 Qe4 39. Nc2 b4 40. Nd4 b3 41. Nxb3 axb3 42. Qxb3 Qe1+ 43. Kh2 Qxf2 44. Qb8+ Kh7 45. Qb1+ Ne4 46. Qd3 Qf4+ 47. Kg1 Qd2 48. Qf3 Qg5 49. Qd3 Qf5 50. Kh2 h5 51. Qb1 h4 52. Qd3 Ng3 53. Qd4 Qe4 54. Qb6 Nf1+ 55. Kg1 Ne3 56. Kh2 Qxg2# 0-1


[Site "https://www.chess.com"]

[Event "Titled Tuesday Blitz January 10 Early 2023"]
[White "Nogerbek, Kazybek"]
[Black "Perez Rodriguez, Jennifer"]
[WhiteFideId "13710427"]
[BlackFideId "3507831"]
[WhiteElo "2474"]
[BlackElo "2242"]
[Result "0-1"]
[Round "03"]
[TimeControl "180+2"]
[Date "2023.01.10"]
[WhiteClock "0:00:03"]
[BlackClock "0:01:50"]

1. d4 d5 2. Nf3 Nf6 3. c4 c6 4. Nbd2 Bf5 5. e3 e6 6. b3 h6 7. Bb2 Bd6 8. Be2 O-O 9. O-O Qe7 10. h3 Nbd7 11. Ne5 Ba3 12. Qc1 Bxb2 13. Qxb2 Nxe5 14. dxe5 Ne4 15. Nxe4 Bxe4 16. Rfd1 Qg5 17. Bf1 Rad8 18. Kh1 f6 19. f3 Bg6 20. exf6 Rxf6 21. e4 Rff8 22. cxd5 exd5 23. exd5 cxd5 24. Bd3 Kh8 25. Bxg6 Qxg6 26. Rd4 Rfe8 0-1


[Site "https://www.chess.com"]

[Event "Titled Tuesday Blitz January 10 Early 2023"]
[White "Mendonca, Leon Luke"]
[Black "Guimaraes, Wagner Peixoto"]
[WhiteFideId "35028561"]
[BlackFideId "2100940"]
[WhiteElo "2603"]
[BlackElo "2194"]
[Result "1-0"]
[Round "03"]
[TimeControl "180+2"]
[Date "2023.01.10"]
[WhiteClock "0:00:52"]
[BlackClock "0:00:11"]

1. c4 Nf6 2. g3 g6 3. Bg2 Bg7 4. Nc3 O-O 5. Nf3 d5 6. cxd5 Nxd5 7. O-O Nb6 8. d3 Nc6 9. Be3 Bg4 10. Rc1 e5 11. Ne4 Bxf3 12. Bxf3 Nd4 13. Bxd4 exd4 14. Nc5 Qe7 15. Nxb7 Rab8 16. Qc2 c5 17. Qxc5 Rxb7 18. Bxb7 Qxb7 19. Qc6 Qe7 20. Rc2 Rc8 21. Qxc8+ Nxc8 22. Rxc8+ Bf8 23. Rc2 Kg7 24. Rb1 Qb4 25. Rc4 Qd2 26. Kf1 Be7 27. Rc7 Bf6 28. Rxa7 Qc2 29. Re1 Qxb2 30. a4 Qa3 31. Rb1 h5 32. h4 Be5 33. Rbb7 Qa2 34. a5 Qd5 35. Kg1 Bd6 36. a6 Bc5 37. Rxf7+ Qxf7 38. Rxf7+ Kxf7 39. Kg2 Ke6 40. Kf3 Kf5 41. e4+ dxe3 42. fxe3 Ba7 43. d4 g5 44. e4+ Kf6 45. hxg5+ Kxg5 46. d5 Kf6 47. d6 Ke6 48. e5 Kd7 49. Ke4 1-0


[Site "https://www.chess.com"]

[Event "Titled Tuesday Blitz January 10 Early 2023"]
[White "Bove, Alessandro"]
[Black "Bobkov, Vadim"]
[WhiteFideId "814121"]
[BlackFideId "34110876"]
[WhiteElo "2311"]
[BlackElo "2249"]
[Result "0-1"]
[Round "03"]
[TimeControl "180+2"]
[Date "2023.01.10"]
[WhiteClock "0:00:08"]
[BlackClock "0:00:08"]

1. d4 Nf6 2. Nf3 d5 3. Bf4 c5 4. e3 Nc6 5. c3 Qb6 6. Qb3 c4 7. Qc2 Bf5 8. Qc1 h6 9. Nbd2 e6 10. Be2 Be7 11. O-O O-O 12. b3 cxb3 13. axb3 Rfc8 14. Qb2 Qd8 15. Rfc1 Bd6 16. Bxd6 Qxd6 17. c4 dxc4 18. bxc4 b6 19. c5 bxc5 20. Rxc5 Ne4 21. Nxe4 Bxe4 22. Nd2 Bg6 23. Bf3 Rab8 24. Qc3 Ne7 25. Rxa7 Rxc5 26. dxc5 Qd8 27. g3 Rc8 28. Nb3 Nd5 29. Qd4 Bc2 30. Nd2 Qf8 31. Bxd5 exd5 32. Qxd5 Rxc5 33. Qa2 Rc8 34. f3 Bg6 35. e4 Kh7 36. Kg2 Qc5 37. Nb3 Qe3 38. h4 Rc3 39. Nd2 Rd3 40. Nf1 Qxf3+ 41. Kg1 Bxe4 42. Qh2 Rd1 0-1


[Site "https://www.chess.com"]

[Event "Titled Tuesday Blitz January 10 Early 2023"]
[White "Bas Mas, Jose Joaquin"]
[Black "Sai Krishna G V"]
[WhiteFideId "22219064"]
[BlackFideId "5028280"]
[WhiteElo "2197"]
[BlackElo "2384"]
[Result "0-1"]
[Round "03"]
[TimeControl "180+2"]
[Date "2023.01.10"]
[WhiteClock "0:00:17"]
[BlackClock "0:01:37"]

1. e4 e5 2. Nf3 Nc6 3. Bc4 Nf6 4. d3 Be7 5. O-O O-O 6. c3 d6 7. h3 Na5 8. Bb5 a6 9. Ba4 b5 10. Bc2 c5 11. Re1 Re8 12. Nbd2 Bf8 13. Nf1 Bb7 14. a4 b4 15. Ng3 d5 16. exd5 Qxd5 17. c4 Qc6 18. Bg5 Rad8 19. Qe2 b3 20. Bb1 Qe6 21. Bd2 Qb6 22. Ra3 Nc6 23. a5 Qc7 24. Rxb3 Ba8 25. Rb6 Nd7 26. Rb3 Nxa5 27. Ra3 Nc6 28. Bc2 Qb7 29. Bc3 Nd4 30. Bxd4 exd4 31. Qxe8 Rxe8 32. Rxe8 Qxb2 33. Rxa6 Bxf3 34. gxf3 Qxc2 35. Nf5 g6 36. Ra7 gxf5 37. Rxd7 Kg7 38. Rdd8 Qc1+ 39. Kg2 Be7 40. Rd7 Bh4 41. Rd5 Qd2 42. Rxf5 Qxf2+ 43. Kh1 Bg3 0-1


[Site "https://www.chess.com"]

[Event "Titled Tuesday Blitz January 10 Early 2023"]
[White "Godzwon, Iwo"]
[Black "Zaichenko, Daria"]
[WhiteFideId "21802483"]
[BlackFideId "4197453"]
[WhiteElo "2394"]
[BlackElo "2104"]
[Result "1-0"]
[Round "03"]
[TimeControl "180+2"]
[Date "2023.01.10"]
[WhiteClock "0:01:56"]
[BlackClock "0:01:02"]

1. e4 c5 2. Nf3 Nc6 3. d4 cxd4 4. Nxd4 Nf6 5. Nc3 d6 6. Bc4 e5 7. Nde2 Be6 8. Bb3 Be7 9. O-O h6 10. f4 exf4 11. Nxf4 Qb6+ 12. Kh1 Bxb3 13. axb3 O-O 14. Nfd5 Nxd5 15. Nxd5 Qd8 16. Qf3 Bg5 17. Qg3 Bxc1 18. Raxc1 Nd4 19. Qd3 Ne6 20. Ne3 Qg5 21. Nf5 Rad8 22. Rcd1 g6 23. Nxd6 Nf4 24. Qf3 Rfe8 25. Qxf4 Qxf4 26. Rxf4 Re6 27. e5 Rxe5 28. Rfd4 Re6 29. h3 a6 30. Nxb7 Rxd4 31. Rxd4 Re1+ 32. Kh2 Re2 33. Rc4 1-0


[Site "https://www.chess.com"]

[Event "Titled Tuesday Blitz January 10 Early 2023"]
[White "Player, Edmund C"]
[Black "Leiva, Gianmarco"]
[WhiteFideId "406520"]
[BlackFideId "3804399"]
[WhiteElo "2204"]
[BlackElo "2392"]
[Result "0-1"]
[Round "03"]
[TimeControl "180+2"]
[Date "2023.01.10"]
[WhiteClock "0:00:01"]
[BlackClock "0:00:09"]

1. e4 c5 2. Nf3 d6 3. d4 cxd4 4. Nxd4 Nf6 5. Nc3 a6 6. h3 e5 7. Nde2 h5 8. Bg5 Be6 9. Bxf6 Qxf6 10. Nd5 Qd8 11. Nec3 g6 12. Qd3 Bh6 13. Rd1 Nc6 14. Be2 Nd4 15. O-O O-O 16. Rfe1 Rc8 17. Bf1 b5 18. a3 Kh8 19. f4 Bxd5 20. Nxd5 Rxc2 21. Rd2 Rxd2 22. Qxd2 Ne6 23. g3 h4 24. Qc3 hxg3 25. f5 gxf5 26. exf5 Nf4 27. Nxf4 Bxf4 28. Qf3 Qg5 29. Bd3 Kg7 30. Kg2 Rc8 31. Qd5 Qf6 32. Be4 Rc4 33. Re2 Rd4 34. Qc6 d5 35. Bxd5 Qxf5 36. Be4 Qf6 37. Qc8 Rd2 38. Qg4+ Qg5 39. Rxd2 Bxd2 40. Qxg5+ Bxg5 41. Kxg3 Bc1 42. Bb7 a5 43. b4 Bxa3 44. bxa5 Bc5 45. Bc6 b4 46. Bd5 f5 47. Kf3 e4+ 48. Kf4 Kf6 49. Bb3 Bd6+ 50. Ke3 Ke5 51. a6 Bc5+ 52. Ke2 f4 53. h4 f3+ 54. Kf1 e3 55. Bc4 Kd4 56. Bb5 b3 57. Ba4 e2+ 58. Ke1 Ke3 59. Bxb3 f2# 0-1


[Site "https://www.chess.com"]

[Event "Titled Tuesday Blitz January 10 Early 2023"]
[White "Vaglio Munoz, Jaime"]
[Black "Barria Zuniga, Daniel"]
[WhiteFideId "6500145"]
[BlackFideId "3400816"]
[WhiteElo "2174"]
[BlackElo "2341"]
[Result "0-1"]
[Round "03"]
[TimeControl "180+2"]
[Date "2023.01.10"]
[WhiteClock "0:01:48"]
[BlackClock "0:01:16"]

1. d4 Nf6 2. c4 e6 3. g4 Nxg4 4. e4 Qh4 5. Nh3 h6 6. Qf3 Nc6 7. Be3 e5 8. d5 Nd4 9. Bxd4 exd4 10. Nd2 Bb4 11. O-O-O c5 12. a3 Bxd2+ 13. Rxd2 d6 14. Rg1 Ne5 15. Qb3 g5 16. Rg3 Qxe4 17. Bg2 Qe1+ 18. Rd1 Qe2 19. Qb5+ Bd7 20. Qxb7 Ke7 21. Qa6 Rab8 22. b3 d3 23. Rd2 Qe1+ 24. Rd1 Qc3+ 25. Kb1 Rxb3+ 0-1


[Site "https://www.chess.com"]

[Event "Titled Tuesday Blitz January 10 Early 2023"]
[White "Martinez, Shawn"]
[Black "Spata, German"]
[WhiteFideId "2039770"]
[BlackFideId "113026"]
[WhiteElo "1881"]
[BlackElo "2383"]
[Result "0-1"]
[Round "03"]
[TimeControl "180+2"]
[Date "2023.01.10"]
[WhiteClock "0:00:01"]
[BlackClock "0:00:52"]

1. e4 e6 2. d4 d5 3. Bd3 dxe4 4. Bxe4 Nf6 5. Bf3 Be7 6. Ne2 O-O 7. O-O Nbd7 8. Bf4 c5 9. Be3 cxd4 10. Qxd4 Bc5 11. Qd2 Qc7 12. Nbc3 Ne5 13. Bxc5 Nxf3+ 14. gxf3 Qxc5 15. Qe3 Qh5 16. Ng3 Qg6 17. Ne4 b6 18. Rad1 Bb7 19. c4 h6 20. Rd4 Nxe4 21. fxe4 Rad8 22. Rfd1 Qf6 23. e5 Qe7 24. Rd6 Rxd6 25. exd6 Qd7 26. Ne4 Qc6 27. f3 Rd8 28. c5 Qb5 29. Rd2 Bxe4 30. fxe4 Qxc5 31. Qxc5 bxc5 32. e5 f6 33. Kf2 Kf7 34. Ke3 Ke8 35. Ke4 Kd7 36. Rg2 f5+ 37. Kd3 g5 38. Kc4 Kc6 39. h4 g4 40. Rd2 g3 41. Kd3 Kd5 42. Ke3+ Kxe5 43. d7 f4+ 44. Kf3 Kf5 45. Rd6 e5 46. Rd5 h5 47. b3 a6 48. a4 a5 49. Rxc5 Rxd7 50. Rxa5 Rd3+ 51. Kg2 Rxb3 52. Ra8 Rb2+ 53. Kg1 f3 54. Re8 Rb1# 0-1


[Site "https://www.chess.com"]

[Event "Titled Tuesday Blitz January 10 Early 2023"]
[White "Melnichuk, Mikhail"]
[Black "Real_taiatai"]
[WhiteFideId "14117533"]
[WhiteElo "2327"]
[BlackElo "2318"]
[Result "1-0"]
[Round "03"]
[TimeControl "180+2"]
[Date "2023.01.10"]
[WhiteClock "0:02:05"]
[BlackClock "0:01:32"]

1. Nf3 Nf6 2. d4 g6 3. c4 Bg7 4. Nc3 O-O 5. e4 d6 6. Be2 Nbd7 7. O-O e5 8. Qc2 Re8 9. Rd1 Qe7 10. d5 c5 11. Ne1 Kh8 12. Nd3 Ng8 13. f4 exf4 14. Bxf4 a6 15. Rf1 Bd4+ 16. Kh1 Ne5 17. Nxe5 Bxe5 18. Rae1 Nf6 19. Bg5 Kg7 20. Qd2 Bd7 21. a4 Rh8 22. Bh6+ Kg8 23. Bg5 Ng4 24. Bxe7 1-0


[Site "https://www.chess.com"]

[Event "Titled Tuesday Blitz January 10 Early 2023"]
[White "Borgaonkar Akshay"]
[Black "Rosenberg, Evan S"]
[WhiteFideId "25639110"]
[BlackFideId "2019299"]
[WhiteElo "1991"]
[BlackElo "1956"]
[Result "1-0"]
[Round "03"]
[TimeControl "180+2"]
[Date "2023.01.10"]
[WhiteClock "0:02:49"]
[BlackClock "0:00:07"]

1. Nf3 d5 2. b3 c5 3. Bb2 Nc6 4. e3 f6 5. d4 cxd4 6. exd4 Bg4 7. Nbd2 e5 8. dxe5 fxe5 9. h3 Bxf3 10. Nxf3 e4 11. Nd4 Nf6 12. Bb5 Bb4+ 13. c3 Bc5 14. Nxc6 bxc6 15. Bxc6+ Ke7 16. Bxa8 Qxa8 17. O-O Rd8 18. a4 Kf7 19. Ba3 Bxa3 20. Rxa3 a5 21. Qd4 Kg8 22. b4 Rc8 23. b5 Rc4 24. Qe5 Qf8 25. b6 Qxa3 26. b7 h6 27. b8=Q+ Kh7 28. Qf5+ g6 29. Qxf6 Qf8 30. Qbxf8 Rc8 31. Qxc8 h5 32. Qc5 h4 33. Qxh4+ Kg7 34. Qxd5 g5 35. Qhxg5+ Kh8 36. Qde5+ Kh7 37. Qxe4+ Kh8 38. Qed5 Kh7 39. Qxa5 1-0


[Site "https://www.chess.com"]

[Event "Titled Tuesday Blitz January 10 Early 2023"]
[White "Andreev, Eduard"]
[Black "Schut, Han"]
[WhiteFideId "14103400"]
[BlackFideId "1005561"]
[WhiteElo "2413"]
[BlackElo "2101"]
[Result "1-0"]
[Round "03"]
[TimeControl "180+2"]
[Date "2023.01.10"]
[WhiteClock "0:00:19"]
[BlackClock "0:00:03"]

1. e4 c5 2. Nf3 d6 3. d4 cxd4 4. Nxd4 Nf6 5. Nc3 a6 6. f3 e5 7. Nb3 Be6 8. Be3 Be7 9. Qd2 Nbd7 10. g4 O-O 11. O-O-O b5 12. g5 b4 13. Ne2 Ne8 14. f4 a5 15. f5 Bxb3 16. cxb3 a4 17. Kb1 axb3 18. axb3 Qa5 19. Ng3 Qa2+ 20. Kc2 Rc8+ 21. Bc4 Qa6 22. Kb1 Rxc4 23. bxc4 b3 24. Qc3 Qa2+ 25. Kc1 Nc5 26. Bxc5 dxc5 27. h4 Nd6 28. Kd2 Rd8 29. Ke3 Qa6 30. Rc1 Nb7 31. Qxe5 Bd6 32. Qc3 Re8 33. Ne2 Be5 34. Qd3 Rd8 35. Qxb3 Bd4+ 36. Nxd4 cxd4+ 37. Kf3 Nc5 38. Qb5 Qa2 39. Ra1 Qb3+ 40. Qxb3 Nxb3 41. Rhd1 Nc5 42. Ra5 Nb3 43. Rd5 Rc8 44. R1xd4 1-0


[Site "https://www.chess.com"]